 Dungeon Crawl Stone Soup version 0.26-a0-660-gc07710193c (webtiles) character file.

Game seed: 5416235364677872709

31 strifetoe the Magician (level 3, -1/27 HPs)
             Began as a Palentonga Hedge Wizard on Oct 5, 2020.
             Slain by an adder (3 damage)
             ... on level 2 of the Dungeon.
             The game lasted 00:01:57 (1443 turns).

strifetoe the Magician (Palentonga Hedge Wizard)    Turns: 1443, Time: 00:01:57

Health: -1/27      AC:  5    Str: 14    XL:     3   Next: 7%
Magic:  7/7        EV:  8    Int: 14    God:
Gold:   86         SH:  0    Dex:  9    Spells: 7/8 levels left

rFire    . . .     SeeInvis +   m - +0 mace
rCold    . . .     Faith    .   (no shield)
rNeg     . . .     Spirit   .   h - +0 ring mail
rPois    .         Reflect  .   c - +0 hat
rElec    .         Harm     .   (no cloak)
rCorr    .         Rampage  .   (no gloves)
MR       .....                  (no barding)
Stlth    +.........             (no amulet)
HPRegen  0.09/turn              i - ring of flight
MPRegen  0.10/turn              (no ring)

@: no status effects
A: large, rugged brown scales 3, see invisible, deformed body, roll, armoured
tail
a: Rolling Charge, Evoke Flight


You were on level 2 of the Dungeon.
You visited 1 branch of the dungeon, and saw 2 of its levels.

You collected 86 gold pieces.

Inventory:

Hand Weapons
 a - a +0 dagger
 l - a +0 whip
 m - a +0 mace (weapon)
Armour
 b - a +0 robe
 c - a +0 hat (worn)
 g - a +0 leather armour
 h - a +0 ring mail (worn)
Jewellery
 i - a ring of flight (left hand)
Scrolls
 f - a scroll of amnesia {unknown}
 k - a scroll of remove curse {unknown}
 n - a scroll of magic mapping {unknown}
Potions
 d - 2 potions of resistance {unknown}
 e - a potion of cancellation {unknown}
 j - a potion of stabbing {unknown}
 o - a potion of flight {unknown}


   Skills:
 + Level 0.7 Maces & Flails
 - Level 1.5 Dodging
 - Level 1.2 Stealth
 - Level 3.0 Spellcasting
 + Level 2.6 Conjurations
   Level 0.7 Summonings
   Level 1.0 Translocations


You had 7 spell levels left.
You knew the following spells:

 Your Spells              Type           Power        Failure   Level
a - Magic Dart            Conj           #...         16%         1

Your spell library contained the following spells:

 Spells                   Type           Power        Failure   Level
 Blink                    Tloc           N/A          41%         2
 Call Imp                 Summ           #.......     45%         2
 Slow                     Hex            #.......     54%         2
 Conjure Flame            Conj/Fire      #.......     61%         3
 Mephitic Cloud           Conj/Pois/Air  #.......     67%         3


Dungeon Overview and Level Annotations

Branches:
Dungeon (2/15)

Altars:


Innate Abilities, Weirdness & Mutations

You are completely covered in rugged brown scales. (AC +3, +7% HP)
You have supernaturally acute eyesight. (SInv)
Armour fits poorly on your strangely shaped body.
You can roll at foes to attack.
You have a long armoured tail.


Message History

You are too injured to fight recklessly!
You are too injured to fight recklessly!
You are too injured to fight recklessly!
You are too injured to fight recklessly!
You are too injured to fight recklessly!
You are too injured to fight recklessly!
You are too injured to fight recklessly!
You are too injured to fight recklessly!
You are too injured to fight recklessly!
You are too injured to fight recklessly!
You are too injured to fight recklessly!
You are too injured to fight recklessly!
You are too injured to fight recklessly!
Unknown command.
The gnoll hits you from afar with a +0 halberd!
* * * LOW HITPOINT WARNING * * *
Items here: ! $ ) [ †.
Unknown command.
The adder bites you.
You die...

#####......# ..
#.........?+ #?
#....).....# #.
#..g.......# #.
#.g........# #.
#....####.## #. #....#
.#
########.###....####.##
#<.......@S............
#........###.#'#####.##
#####........ #.#.#
#............ #.#.#
##.##.###.### #.#.#
#.##.# #.# #.#.# #.##..
. # #.#..
##.#############.#..
#.............##.#..


You could see an adder.

Vanquished Creatures
  A dart slug (D:1)
  A leopard gecko (D:1)
  3 giant cockroaches (D:1)
  4 goblins
  2 hobgoblins
  4 kobolds
  3 bats
  4 frilled lizards (D:1)
  5 rats (D:1)
27 creatures vanquished.

Notes
Turn   | Place    | Note
-------+----------+-------------------------------------------
     0 | D:1      | strifetoe the Palentonga Hedge Wizard began the quest for
                  | the Orb.
     0 | D:1      | Reached XP level 1. HP: 14/14 MP: 4/4
    37 | D:1      | Reached skill level 1 in Conjurations
   431 | D:1      | Reached XP level 2. HP: 18/21 MP: 6/6
  1393 | D:2      | Reached XP level 3. HP: 27/27 MP: 7/7
  1427 | D:2      | HP: 1/27 [gnoll/+0 halberd (9)]
  1443 | D:2      | Slain by an adder

Illustrated notes

Levels and vault maps discovered:
D:1:      wheals_arrival_shading, layout_rooms
D:2:      layout_basic, old_standard_altar

Skill      XL: |  1  2 |
---------------+-------+-----
Conjurations   | 1 2 |  2.6
Maces & Flails | |  0.7
Dodging        | |  1.5
Stealth        | |  1.2
Spellcasting   | |  3.0
Summonings     | |  0.7
Translocations | |  1.0

Action                   || total
-------------------------++-------
Melee: Dagger            ||    57
       Tailslap          ||     6
       Mace              ||    40
 Cast: Magic Dart        ||     3
 Stab: Sleeping          ||     1
Armor: Ring mail         ||    61
       Robe              ||     3
Dodge: Dodged            ||    60

Table legend: (Time is in decaauts)
 A = Elapsed time spent in this place.
 B = Non-inter-level travel time spent in this place.
 C = Inter-level travel time spent in this place.
 D = Time resting spent in this place.
 E = Time spent auto-exploring this place.
 F = Levels seen in this place.
 G = Mean time per level.
                   A        B        C        D        E       F      G
               +--------+--------+--------+--------+--------+-----+--------+
         Total |   1457 |   1420 |     37 |    660 |    484 |   2 |  728.5 |
       Dungeon |   1457 |   1420 |     37 |    660 |    484 |   2 |  728.5 |
               +--------+--------+--------+--------+--------+-----+--------+

Top non-repeatable levels by time:
     D:1: 1254 daAuts
     D:2: 203 daAuts
